 Dungeon Crawl Stone Soup version 0.30-a0-1164-ge08a67761e (webtiles) character file.

Game seed: 15647740061387808081

4443 themarg the Summoner (level 10, -3/74 HPs)
             Began as a Merfolk Summoner on Apr 30, 2023.
             Was a Believer of Sif Muna.
             Succumbed to a killer bee's poison
             ... on level 6 of the Dungeon.
             The game lasted 00:27:47 (10293 turns).

themarg the Summoner (Merfolk Summoner)            Turns: 10293, Time: 00:27:47

Health: -3/74      AC:  3    Str:  6 (9)  XL:     10   Next: 37%
Magic:  2/17       EV: 18    Int: 18 (19) God:    Sif Muna [**....]
Gold:   424        SH:  0    Dex: 13 (14) Spells: 9/19 levels left

rFire   . . .        B - +0 trident
rCold   . . .        (no shield)
rNeg    . . .        a - +0 robe
rPois   .            (no helmet)
rElec   .            (no cloak)
rCorr   +            r - +0 pair of gloves
SInv    .            (no boots)
Will    .....        h - amulet of the acrobat
Stlth   ++           c - +5 ring of evasion
HPRegen 0.32/turn    m - ring of resist corrosion
MPRegen 0.15/turn

%: acrobat
@: lethally poisoned (-3 -> -21), attractive
A: (nimble swimmer 2), mertail
a: Renounce Religion, Channel Magic


You were on level 6 of the Dungeon.
You worshipped Sif Muna.
Sif Muna was pleased with you.
You visited 2 branches of the dungeon, and saw 9 of its levels.
You also visited: Ossuary.

You collected 424 gold pieces.

Inventory:

Hand Weapons
 B - a +0 trident (weapon)
Missiles
 f - 44 stones
 F - 6 boomerangs
Armour
 a - a +0 robe (worn)
 k - the +0 robe of Ureavuru {rPois}
   (You found it on level 6 of the Dungeon)

   rPois:     It protects you from poison.
 r - a +0 pair of gloves (worn)
 G - a +0 helmet
 H - the +0 plate armour of Imperfection {rN+ Str+2}
   (You found it on level 8 of the Dungeon)

   Str:       It affects your strength (+2).
   rN:        It protects you from negative energy.
Jewellery
 c - a +5 ring of evasion (left hand)
 h - an amulet of the acrobat (around neck)
 m - a ring of resist corrosion (right hand)
 D - a ring of flight
Wands
 y - a wand of charming (5)
 z - a wand of mindburst (34)
 A - a wand of acid (6)
 I - a wand of polymorph (7)
Scrolls
 g - 2 scrolls of enchant weapon {unknown}
 i - 4 scrolls of amnesia
 j - a scroll of identify
 l - a scroll of brand weapon {unknown}
 n - 4 scrolls of vulnerability
 o - 3 scrolls of magic mapping {unknown}
 q - a scroll of fear {unknown}
 E - 2 scrolls of immolation {unknown}
Potions
 b - a potion of magic
 d - 3 potions of attraction
 e - 3 potions of flight
 s - 2 potions of berserk rage {unknown}
 t - 3 potions of degeneration
 u - 2 potions of heal wounds {unknown}
 v - a potion of mutation {unknown}
 w - a potion of might {unknown}
 x - 3 potions of brilliance {unknown}


   Skills:
 - Level 5.0 Fighting
 - Level 7.0 Polearms
 - Level 5.0 Dodging
 - Level 3.0 Stealth
 - Level 5.0 Spellcasting
 - Level 10.0 Summonings
 - Level 5.0 Air Magic
 + Level 2.0 Invocations
 + Level 1.7 Evocations


You had 9 spell levels left.
You knew the following spells:

 Your Spells              Type           Power      Damage    Failure   Level
a - Summon Small Mammal   Summ           100%       N/A       1%          1
b - Call Imp              Summ           80%        N/A       1%          2
c - Call Canine Familiar  Summ           40%        N/A       1%          3
d - Summon Lightning Spi  Summ/Air       31%        N/A       6%          4

Your spell library contained the following spells:

 Spells                   Type           Power      Damage    Failure   Level
 Summon Guardian Golem    Hex/Summ       22%        N/A       4%          3
 Cigotuvi's Dreadful Rot  Necr/Pois/Air  20%        N/A       11%         2
 Kiss of Death            Conj/Necr      16%        2d6       13%         1
 Confusing Touch          Hex            4%         N/A       36%         3
 Ignite Poison            Fire/Tmut/Pois 4%         N/A       36%         3
 Animate Dead             Necr           4%         N/A       78%         4
 Dispel Undead            Necr           4%         3d7       78%         4
 Sticky Flame             Conj/Fire      4%         2d3       78%         4
 Death Channel            Necr           2%         N/A       100%        6
 Haunt                    Necr/Summ      11%        N/A       100%        7
 Ignition                 Fire           2%         3d3       100%        8
 Infestation              Necr           2%         N/A       100%        8


Dungeon Overview and Level Annotations

Branches:
Dungeon (8/15)             Temple (1/1) D:4            Lair (0/5) D:8
Ossuary (visited)

Altars:
Ashenzari
Cheibriados
Dithmenos
Elyvilon
Fedhas
Gozag
Hepliaklqana
Kikubaaqudgha
Makhleb
Okawaru
Qazlal
Sif Muna
Trog
Uskayaw
Vehumet
Wu Jian
Xom
Yredelemnul
Zin
The Shining One

Annotations:
D:2 1 runed translucent door, Crazy Yiuf


Innate Abilities, Weirdness & Mutations

((You are very nimble when in or above water. (Stealth+, EV+, Speed+++)))
Your lower body shifts to a powerful aquatic tail in water.


Message History

Your hound bites the killer bee.
The killer bee barely misses you. The killer bee completely misses you.
You hit the killer bee but do no damage.
The killer bee is moderately wounded.
You feel sick. The killer bee completely misses you.
The killer bee closely misses you.
Your hound closely misses the killer bee.
The killer bee misses you. x2; Your hound misses the killer bee.
Aiming: Charm
Press: ? - help, Shift-Dir - straight line, f - killer bee
Aim: a killer bee (lightly wounded, chance to affect: 62%)
The killer bee resists with significant effort.
You feel sick. The killer bee closely misses you. The killer bee misses you.
Your hound misses the killer bee. The killer bee barely misses you.
The killer bee closely misses you.
Aiming: Charm
Press: ? - help, Shift-Dir - straight line, f/p - killer bee
Aim: a killer bee (lightly wounded, chance to affect: 62%)
The killer bee resists with significant effort.
You feel sick.
The killer bee completely misses you. x2
Your hound closely misses the killer bee.
The killer bee closely misses you. The killer bee stings you.
* * * LOW HITPOINT WARNING * * *
You are lethally poisoned!
The killer bee poisons you!
Your hound barely misses the killer bee.
It was a potion of attraction.
You feel attractive to monsters.
* * * LOW HITPOINT WARNING * * *
You feel very sick.
The killer bee stings you but does no damage.
The killer bee closely misses you.
Your hound bites the killer bee.
The killer bee barely misses you. The killer bee stings you.
* * * LOW HITPOINT WARNING * * *
You are more poisoned.
The killer bee poisons you!
It was a potion of degeneration.
There was something very wrong with that liquid.
You feel weakened.
You feel dopey.
You feel clumsy.
You die...

##.#.####.# #.##..........#
#.#.# #.# ##.###########.#
##.#.####.###...# #.#
...#......#.....# #.#
###########.#...# #.#
#.##.## #.# ######## #.##.#
#.#
.......####.##.###########.#
####........<..y@y.........#
#.#########h#############
#.# #.# ## #.# #.# .# #.#
#.# .###.# #.# .....# #.#
##.###########.#
#.............#


You could see 2 killer bees and a friendly hound (summoned).

Vanquished Creatures
  Prince Ribbit (D:7)
  A vampire (D:8)
  Duvessa (D:5)
  A water moccasin (D:6)
  2 water moccasin zombies (Ossuary)
  A wight (D:7)
  A hound (D:5)
  An orc priest (D:7)
  An iguana (D:6)
  A mummy (Ossuary)
  3 gnolls
  A worm (D:2)
  A dart slug (D:2)
  A ball python (D:1)
  2 bats
  An endoplasm (D:2)
  A gnoll zombie (Ossuary)
  4 goblins
  3 hobgoblins (D:1)
  5 kobolds
  6 quokkas
  A hobgoblin zombie (Ossuary)
  An orc zombie (Ossuary)
  A rat (D:1)
42 creatures vanquished.

Vanquished Creatures (collateral kills)
  Pikel (D:6)
  A nameless horror (D:5)
  Eustachio (D:5)
  2 orc warriors (D:7)
  2 ice beasts
  3 black bears
  3 ogres
  2 sky beasts
  2 centaurs
  A phantom (D:6)
  A lemure (D:6)
  A gnoll sergeant (D:7)
  A bullfrog (D:7)
  A water moccasin zombie (Ossuary)
  8 wights
  Dowan (D:5)
  6 killer bees
  A howler monkey (D:5)
  2 gnoll boudas
  2 hounds
  An orc priest (D:6)
  A sleepcap (D:8)
  4 iguanas
  3 orc wizards
  A mummy (Ossuary)
  16 gnolls
  4 adders
  3 shadow imps
  2 white imps
  An ufetubus (D:8)
  7 adder zombies (Ossuary)
  A worm (D:2)
  A dart slug (D:3)
  17 orcs
  2 bats
  11 endoplasms
  2 giant cockroaches (D:3)
  4 goblins
  6 hobgoblins
  2 jackals (D:3)
  4 kobolds
  A quokka (D:1)
  3 ball pythons
  4 frilled lizards
  4 hobgoblin zombies (Ossuary)
  5 kobold zombies (Ossuary)
  9 orc zombies (Ossuary)
  6 rats
167 creatures vanquished.

Vanquished Creatures (others)
  A ball python (D:4)
  3 demonic plants (D:8)
4 creatures vanquished.

Grand Total: 213 creatures vanquished

Notes
Turn   | Place    | Note
-------+----------+-------------------------------------------
     0 | D:1      | themarg the Merfolk Summoner began the quest for the Orb.
     0 | D:1      | Reached XP level 1. HP: 13/13 MP: 3/3
   200 | D:1      | Reached XP level 2. HP: 19/19 MP: 3/5
   282 | D:1      | Learned a level 2 spell: Call Imp
   860 | D:1      | Reached XP level 3. HP: 18/24 MP: 3/6
   864 | D:1      | Learned a level 3 spell: Call Canine Familiar
  1068 | D:1      | Reached skill level 5 in Summonings
  1829 | D:2      | Found a faded altar of an unknown god.
  1916 | D:2      | Found a runed translucent door.
  1917 | D:2      | Noticed Crazy Yiuf
  2085 | D:2      | Reached XP level 4. HP: 29/30 MP: 5/7
  2628 | D:3      | Found an ancient bone altar of Kikubaaqudgha.
  2970 | D:3      | Noticed a +0 hand axe
  2970 | D:3      | Noticed a +0 hand axe
  2971 | D:3      | Found a hide-covered altar of Uskayaw.
  3028 | D:3      | Found a shadowy altar of Dithmenos.
  3710 | D:3      | Found a stormy altar of Qazlal.
  3749 | D:4      | Reached skill level 6 in Summonings
  3771 | D:4      | Noticed a black bear
  3851 | D:4      | Found a sand-covered staircase.
  3856 | Ossuary  | Entered an ossuary
  3939 | Ossuary  | Reached XP level 5. HP: 33/35 MP: 1/8
  4074 | Ossuary  | Reached skill level 7 in Summonings
  4074 | Ossuary  | Reached XP level 6. HP: 30/41 MP: 4/9
  4701 | D:4      | Reached skill level 8 in Summonings
  4842 | D:4      | Reached XP level 7. HP: 39/46 MP: 5/10
  5400 | D:4      | Found a staircase to the Ecumenical Temple.
  5409 | Temple   | Entered the Ecumenical Temple
  5441 | Temple   | Became a worshipper of Sif Muna the Loreminder
  5895 | D:4      | Found a staircase to the Ecumenical Temple.
  5950 | D:5      | Entered Level 5 of the Dungeon
  6088 | D:5      | Noticed Duvessa
  6091 | D:5      | Noticed Dowan
  6144 | D:5      | Found an ornate altar of the Wu Jian Council.
  6174 | D:5      | Reached skill level 9 in Summonings
  6174 | D:5      | Reached skill level 1 in Air Magic
  6198 | D:5      | Reached XP level 8. HP: 50/52 MP: 7/11
  6234 | D:5      | Learned a level 4 spell: Summon Lightning Spire
  6263 | D:5      | Noticed Eustachio
  6531 | D:5      | Killed Dowan
  6783 | D:5      | Killed Duvessa
  7180 | D:5      | Noticed a nameless horror
  7183 | D:5      | Killed a nameless horror
  7205 | D:5      | Killed Eustachio
  7476 | D:6      | Reached skill level 10 in Summonings
  7479 | D:6      | Reached skill level 1 in Fighting
  7570 | D:6      | Reached XP level 9. HP: 65/65 MP: 8/12
  7606 | D:6      | Noticed Pikel
  7619 | D:6      | Killed Pikel
  7620 | D:6      | Reached skill level 5 in Fighting
  7887 | D:6      | Reached skill level 5 in Spellcasting
  7933 | D:6      | Reached * piety under Sif Muna
  8062 | D:6      | Identified the +0 robe of Ureavuru {rPois}
  8689 | D:7      | Reached skill level 5 in Polearms
  8950 | D:7      | Noticed Prince Ribbit
  8959 | D:7      | Killed Prince Ribbit
  8960 | D:7      | Reached XP level 10. HP: 11/74 MP: 13/17
  9005 | D:7      | Reached skill level 5 in Air Magic
  9202 | D:7      | Reached ** piety under Sif Muna
  9433 | D:7      | Reached skill level 5 in Dodging
  9899 | D:8      | Identified the +0 plate armour of Imperfection {rN+ Str+2}
  9983 | D:8      | Found a broken altar of Ashenzari.
  9991 | D:8      | Reached skill level 1 in Invocations
  9991 | D:8      | Reached skill level 1 in Evocations
 10181 | D:8      | Found a staircase to the Lair.
 10292 | D:6      | HP: 2/74 [killer bee (6)]
 10293 | D:6      | Succumbed to a killer bee's poison

Illustrated notes

Levels and vault maps discovered:
D:1:      lemuel_arrival_funnel, layout_basic, nrook_mini_vaults
D:2:      layout_loops_ring, basic_ecumenical_altar, uniq_crazy_yiuf_cottage
D:3:      layout_basic, old_standard_altar, nicolae_overflow_hidden_temple,
          mainiacjoe_overflow_brackets, dancing_weapons_uskayaw
D:4:      layout_rooms, lemuel_temple_firewalk_b, enter_ossuary_5,
          glass_columns_b
D:5:      layout_basic, nicolae_wu_jian_wuxing_cycle, minmay_misc_feat_chi,
          uniq_eustachio, uniq_duvessa
D:6:      layout_loops_ring, uniq_pikel
D:7:      layout_basic, uniq_prince_ribbit1
D:8:      layout_cave_pools, nicolae_ru_great_annihilating_truth,
          lemuel_crystal_altar, lair_entry_dummy, serial_demonic,
          serial_demonic_c, serial_demonic_d, serial_demonic_g,
          serial_demonic_b, serial_demonic_f, serial_demonic_c,
          nzn_life_drinkers
Temple:   nicolae_temple_ecumenical_triangle

Skill      XL: |  1  2  3  4  5  6  7  8  9 10 |
---------------+-------------------------------+-----
Summonings     | 5 6 7 8 9 10 | 10.0
Air Magic      | 2 4 5 |  5.0
Fighting       | 4 5 |  5.0
Spellcasting   | 5 |  5.0
Polearms       | 7 |  7.0
Dodging        | 5 |  5.0
Invocations    | 2 |  2.0
Evocations     | 1 |  1.7
Stealth        | 3 |  3.0

Action                     |  1- 3 |  4- 6 |  7- 9 | 10-12 || total
---------------------------+-------+-------+-------+-------++-------
  Melee: Unarmed           |    18 |       |       |       ||    18
         Short sword       |    38 |       |       |       ||    38
         Spear             |    23 |   109 |     3 |       ||   135
         Trident           |       |       |    99 |    31 ||   130
   Cast: Summon Small Mamm |    62 |     6 |       |       ||    68
         Call Imp          |     9 |    15 |     9 |     1 ||    34
         Call Canine Famil |       |    29 |    29 |     8 ||    66
         Summon Lightning  |       |       |    19 |    17 ||    36
  Evoke: Wand              |       |       |       |     2 ||     2
    Use: Scroll            |       |     3 |     3 |     1 ||     7
         Potion            |       |       |     2 |     4 ||     6
   Stab: Distracted        |     1 |     5 |     3 |     1 ||    10
         Sleeping          |       |     1 |       |     1 ||     2
 Armour: Robe              |     2 |     7 |     7 |     6 ||    22
  Dodge: Dodged            |    69 |    43 |    80 |   106 ||   298

Table legend: (Time is in decaauts)
 A = Elapsed time spent in this place.
 B = Non-inter-level travel time spent in this place.
 C = Inter-level travel time spent in this place.
 D = Time resting spent in this place.
 E = Time spent auto-exploring this place.
 F = Levels seen in this place.
 G = Mean time per level.
                   A        B        C        D        E       F      G
               +--------+--------+--------+--------+--------+-----+--------+
         Total |  10333 |  10048 |    285 |   1127 |   6983 |  10 | 1033.3 |
       Dungeon |   9518 |   9233 |    285 |    592 |   6965 |   8 | 1189.8 |
        Temple |     41 |     41 |      0 |      0 |     18 |   1 |   41.0 |
       Ossuary |    773 |    773 |      0 |    535 |      0 |   1 |  773.0 |
               +--------+--------+--------+--------+--------+-----+--------+

Top non-repeatable levels by time:
     D:4: 1684 daAuts
     D:6: 1429 daAuts
     D:1: 1336 daAuts
     D:3: 1276 daAuts
     D:7: 1152 daAuts
     D:5: 1126 daAuts
     D:2: 1122 daAuts
 Ossuary: 773 daAuts
     D:8: 390 daAuts
  Temple: 41 daAuts
